 Dungeon Crawl Stone Soup version 0.20.1-1-g8b1a95d (webtiles) character file.

35 vatarom the Grave Robber (level 3, 0/25 HPs)
             Began as a Demonspawn Necromancer on Sept 12, 2017.
             Killed from afar by a white imp (5 damage)
             ... with a puff of frost
             ... summoned by Natasha
             ... on level 2 of the Dungeon.
             The game lasted 00:03:26 (1516 turns).

vatarom the Grave Robber (Demonspawn Necromancer)   Turns: 1516, Time: 00:03:28

Health: 0/25       AC:  3    Str:  8    XL:     3   Next: 17%
Magic:  0/6        EV: 12    Int: 17    God:
Gold:   42         SH:  0    Dex: 13    Spells: 1/6 levels left

rFire    . . .     SeeInvis .   (no weapon)
rCold    . . .     Gourm    .   (no shield)
rNeg     . . .     Faith    .   a - +0 robe
rPois    .         Spirit   .   (no helmet)
rElec    .         Reflect  .   (no cloak)
rCorr    .         Harm     .   d - +0 pair of gloves
MR       .....                  (no boots)
Stlth    ++........             (no amulet)
Regen    0.1/turn               (no ring)
MPRegen  0.1/turn               (no ring)

@: no status effects
A: hooves 1, demonic guardian 1
a: no special abilities


You were on level 2 of the Dungeon.
You were not hungry.

You visited 1 branch of the dungeon, and saw 2 of its levels.

You collected 42 gold pieces.

Inventory:

Armour
 a - a +0 robe (worn)
 d - a +0 pair of gloves (worn)
Scrolls
 e - a scroll of remove curse
 f - a scroll of identify
 i - a scroll of random uselessness {unknown}
 l - a scroll of recharging
Potions
 h - 2 potions of curing
 m - a potion of flight {unknown}
 n - a potion of lignification {unknown}
Books
 b - a book of Necromancy

   Spells                             Type                      Level
   a - Pain                           Necromancy                   1
   b - Animate Skeleton               Necromancy                   1
   c - Vampiric Draining              Necromancy                   3
   d - Regeneration                   Charms/Necromancy            3
   e - Animate Dead                   Necromancy                   4
   f - Control Undead                 Necromancy                   4
Comestibles
 c - a bread ration
 g - 3 fruits
 j - a chunk of flesh
 k - a royal jelly


   Skills:
 + Level 0.8 Fighting
 - Level 1.7 Dodging
 - Level 1.7 Stealth
 + Level 2.2 Spellcasting
 * Level 5.2 Necromancy


You had one spell level left.
You knew the following spells:

 Your Spells              Type           Power        Failure   Level  Hunger
a - Pain                  Necr           ###.         2%          1    #......
b - Animate Skeleton      Necr           N/A          2%          1    #......
c - Vampiric Draining     Necr           ###.......   6%          3    ###....


Dungeon Overview and Level Annotations

Branches:
Dungeon (2/15)

Altars:

Annotations:
D:2 Natasha


Innate Abilities, Weirdness & Mutations

You have large cloven feet.
A weak demonic guardian rushes to your aid.


Message History

Aiming: Pain
Press: ? - help, Shift-Dir - straight line, f/p - Natasha
Aim: Natasha (severely wounded, chance to defeat MR: 78%) Natasha writhes in agony!
Your kobold skeleton closely misses Natasha.
Natasha mumbles some strange words.
Natasha's front paws start to glow.
Natasha closely misses you.
Your rat skeleton barely misses the white imp.
The white imp gestures at you. The puff of frost hits you!
* * * LOW HITPOINT WARNING * * *
You swap places.
Your kobold skeleton closely misses Natasha.
Natasha claws your rat skeleton!
Your rat skeleton is destroyed!
The crimson imp blinks!
The white imp gestures at you. The puff of frost hits you!
You die...

######### # #.......#####
#.ยง.Z5......#
#..h.5......#
#####@......##########
##########..5....##........
...........................
.#######.#.................
>..............<#.#....#...
########........#.##.#.#...
#######.............#.....
#................####.....
#.........................


You could see Natasha, a crimson imp, a white imp, a friendly white imp and a
friendly kobold skeleton.

Vanquished Creatures
  An adder (D:1)
  A worm (D:2)
  2 leopard geckos (D:1)
  4 bats (D:1)
  2 giant cockroaches (D:1)
  2 jackals (D:1)
  3 kobolds
  A ball python (D:1)
  2 frilled lizards (D:1)
  2 rats
20 creatures vanquished.

Vanquished Creatures (collateral kills)
  A dart slug (D:1)
1 creature vanquished.

Grand Total: 21 creatures vanquished

Notes
Turn   | Place    | Note
-------+----------+-------------------------------------------
     0 | D:1      | vatarom the Demonspawn Necromancer began the quest for the Orb.
     0 | D:1      | Reached XP level 1. HP: 13/13 MP: 3/3
    38 | D:1      | Learned a level 1 spell: Animate Skeleton
   547 | D:1      | Gained mutation: A weak demonic guardian rushes to your aid. [demonic ancestry]
   547 | D:1      | Reached XP level 2. HP: 19/19 MP: 1/5
   768 | D:1      | Reached skill level 5 in Necromancy
  1257 | D:1      | Gained mutation: You have large cloven feet. [demonic ancestry]
  1257 | D:1      | Reached XP level 3. HP: 23/25 MP: 2/6
  1441 | D:2      | Learned a level 3 spell: Vampiric Draining
  1506 | D:2      | Noticed Natasha
  1516 | D:2      | Killed from afar by a white imp

Skill      XL: |  1  2 |
---------------+-------+-----
Necromancy     | 5 |  5.2
Fighting       | |  0.8
Dodging        | |  1.7
Stealth        | |  1.7
Spellcasting   | |  2.2

Action                   || total
-------------------------++-------
Melee: Unarmed           ||    14
       Kick              ||     2
 Cast: Pain              ||    41
       Animate Skeleton  ||    10
  Use: Potion            ||     3
       Scroll            ||     4
  Eat: Chunk             ||     2
Armor: Robe              ||    11
Dodge: Dodged            ||    36
